 Dungeon Crawl Stone Soup version 0.29.1-12-g30fa7ad0bf (webtiles) character file.

Game seed: 17862850594898281130

31 MisterFreud the Twirler (level 3, -2/27 HPs)
             Began as a Formicid Gladiator on Dec 26, 2022.
             Slain by a gnoll
             ... wielding a +0 flail
             ... led by a gnoll bouda
              (12 damage)
             ... on level 2 of the Dungeon.
             The game lasted 00:01:35 (1283 turns).

MisterFreud the Twirler (Formicid Gladiator)        Turns: 1283, Time: 00:01:36

Health: -2/27      AC:  4    Str: 20    XL:     3   Next: 40%
Magic:  3/3        EV: 12    Int:  7    God:
Gold:   71         SH:  0    Dex: 15    Spells: 2/2 levels left

rFire   . . .      SeeInvis +   a - +1 quarterstaff
rCold   . . .      Faith    .   (no shield)
rNeg    . . .      Spirit   .   b - +1 leather armour
rPois   .          Reflect  .   (helmet unavailable)
rElec   .          Harm     .   (no cloak)
rCorr   .          Rampage  .   (no gloves)
Will    .....                   (no boots)
Stlth   +.........              (no amulet)
HPRegen 0.09/turn               (no ring)
MPRegen 0.08/turn               (no ring)

@: no status effects
A: permanent stasis, dig shafts and tunnels, antennae 3, four strong arms
a: Dig, Shaft Self


You were on level 2 of the Dungeon.
You visited 1 branch of the dungeon, and saw 3 of its levels.

You collected 71 gold pieces.

Inventory:

Hand Weapons
 a - a +1 quarterstaff (weapon)
Missiles
 c - 3 throwing nets (quivered)
 d - a javelin
Armour
 b - a +1 leather armour (worn)
Scrolls
 i - a scroll of identify
Potions
 e - a potion of degeneration {unknown}
 f - a potion of curing
 g - a potion of might {unknown}
 h - 2 potions of flight


   Skills:
 - Level 2.1 Fighting
 + Level 4.2 Staves
 - Level 2.0 Throwing
 - Level 2.6 Dodging


You had 2 spell levels left.
You didn't know any spells.
Your spell library contained the following spells:

 Spells                   Type           Power      Damage    Failure   Level
 Shock                    Conj/Air       0%         1d3       50%         1
 Airstrike                Air            0%         2d(0-16)  99%         4
 Manifold Assault         Tloc           0%         N/A       100%        5
 Storm Form               Tmut/Air       0%         N/A       100%        7
 Blink                    Tloc           Unusable   N/A       N/A         2
 Swiftness                Air            Unusable   N/A       N/A         3

Dungeon Overview and Level Annotations

Branches:
Dungeon (3/15)

Altars:

Shops:
D:1 !


Innate Abilities, Weirdness & Mutations

You cannot be hasted, slowed, berserked, paralysed or teleported.
You can dig through walls and to a lower floor.
You have a pair of large antennae on your head. (SInv)
Your four strong arms can wield two-handed weapons with a shield.


Message History

The gnoll bouda barks out a call to the hunt!
The gnolls pick up the pace!
You hear a shout!
You struggle against the net.
A gnoll comes into view.
It is wielding a +1 flail of holy wrath.
The gnoll hits you with a +0 club.
You tear a large gash into the net.
The gnoll hits you but does no damage.
You shred the net and break free!
A gnoll comes into view. It is wielding a +0 flail.
The gnoll hits you but does no damage.
You sock the gnoll!
The gnoll is severely wounded.
The gnoll hits you with a +0 club. The gnoll hits you with a +0 club.
The gnoll attacks as you move away! The gnoll misses you.
Found a scroll labelled JOOCVO ULOXZIUREO.
The gnoll misses you.
There is a stone staircase leading up here.
The gnoll hits you but does no damage. The gnoll barely misses you.
The gnoll hits you with a +0 flail.
You climb upwards.
There is a stone staircase leading down here.
Okay, then.
You barely miss the gnoll.
The gnoll is severely wounded.
The gnoll barely misses you. The gnoll closely misses you.
Unknown command.
You hit the gnoll.
The gnoll is almost dead.
The gnoll hits you with a +0 club! The gnoll barely misses you.
Unknown command.
You barely miss the gnoll.
The gnoll is almost dead.
The gnoll hits you with a +0 club.
* * * LOW HITPOINT WARNING * * *
The gnoll hits you with a +0 flail!
* * * LOW HITPOINT WARNING * * *
It was a potion of curing.
You feel better. The gnoll hits you with a +0 club.
The gnoll hits you with a +0 flail!
You die...

.##.#####
.....gg@#
....###g#
# #.# #.#
#.# ... {
#.# #.#


You could see 3 gnolls.

Vanquished Creatures
  A dart slug (D:2)
  3 endoplasms
  A giant cockroach (D:1)
  2 goblins
  3 hobgoblins
  3 jackals (D:1)
  5 bats
  4 frilled lizards (D:1)
  4 kobolds (D:1)
  3 rats
29 creatures vanquished.

Notes
Turn   | Place    | Note
-------+----------+-------------------------------------------
     0 | D:1      | MisterFreud the Formicid Gladiator began the quest for the
                  | Orb.
     0 | D:1      | Reached XP level 1. HP: 16/16 MP: 1/1
    49 | D:1      | Reached XP level 2. HP: 13/22 MP: 2/2
   301 | D:1      | Found Gidia's Distillery.
   569 | D:1      | Reached skill level 4 in Staves
   569 | D:1      | Reached XP level 3. HP: 24/27 MP: 3/3
   856 | D:1      | Found a faded altar of an unknown god.
  1168 | D:2      | You fall into a shaft and drop 1 floor!
  1282 | D:2      | HP: 1/27 [gnoll/+0 flail[a gnoll bouda] (7)]
  1283 | D:2      | Slain by a gnoll

Illustrated notes

Levels and vault maps discovered:
D:1:      dpeg_arrival_more_subterranean_lakeside_camping, layout_basic,
          serial_shops, shop, shapermc_ecumenical_altar_hornbeckon
D:2:      layout_basic
D:3:      layout_rooms, serial_shops, shop, kennysheep_generic_room_13

Skill      XL: |  1  2 |
---------------+-------+-----
Staves         | 4 |  4.2
Fighting       | |  2.1
Throwing       | |  2.0
Dodging        | |  2.6

Action                   || total
-------------------------++-------
Melee: Quarterstaff      ||    89
       Punch             ||     1
  Use: Scroll            ||     4
       Potion            ||     1
 Stab: Sleeping          ||     2
Armor: Leather armour    ||    33
Dodge: Dodged            ||    63
